 Dungeon Crawl Stone Soup version 0.17.1-3-g152610e (webtiles) character file.

3714 dobroeutro the Blocker (level 10, -2/64 HPs)
             Began as a Gargoyle Fighter on Apr 23, 2016.
             Was a Believer of the Shining One.
             Killed by the air
             ... invoked by Gastronok
              (16 damage)
             ... on level 8 of the Dungeon.
             The game lasted 00:16:24 (6923 turns).

dobroeutro the Blocker (Gargoyle Fighter)           Turns: 6923, Time: 00:16:24

Health: -2/64      AC: 23    Str: 21    XL:     10   Next: 14%
Magic:  10/10      EV:  6    Int: 10    God:    the Shining One [**....]
Gold:   77         SH: 16    Dex: 10    Spells: 0 memorised, 9 levels left

rFire  + + .     SeeInvis .     a - +0 flail
rCold  . . .     Clarity  .     y - +2 scale mail {rF+}
rNeg   + + .     SustAt   .     G - +0 large shield
rPois  ∞         Gourm    .     (no helmet)
rElec  +         Spirit   .     L - +2 cloak
rCorr  .         Warding  .     (no gloves)
rMut   .         Stasis   .     u - +0 pair of boots
MR     ++...                    (no amulet)
Stlth  ..........               F - ring of protection from magic
                                I - ring of protection from fire

@: glowing, very resistant to hostile enchantments, extremely unstealthy
A: magic resistance 1, negative energy resistance 1, shaggy fur 1, electricity
resistance, unbreathing, petrification resistance, rot immunity, AC +7
a: Divine Shield, Renounce Religion


You were on level 8 of the Dungeon.
You worshipped the Shining One.
The Shining One was pleased with you.
You were not hungry.

You visited 1 branch of the dungeon, and saw 8 of its levels.

You collected 402 gold pieces.
You spent 325 gold pieces at shops.

Inventory:

Hand Weapons
 a - a +0 flail (weapon)
Armour
 u - a +0 pair of boots (worn)
 y - a +2 scale mail of fire resistance (worn)
 G - a +0 large shield (worn)
 L - a +2 cloak (worn)
Jewellery
 F - a ring of protection from magic (right hand)
 I - a ring of protection from fire (left hand)
Wands
 C - a wand of fireball (6)
Scrolls
 b - a scroll of noise {unknown}
 f - a scroll of recharging {unknown}
 g - 4 scrolls of enchant armour {unknown}
 h - 2 scrolls of enchant weapon {unknown}
 j - 7 scrolls of identify {unknown}
 l - 4 scrolls of blinking {unknown}
 n - 3 scrolls of amnesia {unknown}
 r - 2 scrolls of teleportation {unknown}
 s - a scroll of immolation {unknown}
 A - 2 scrolls of remove curse {unknown}
 D - a scroll of acquirement {unknown}
Potions
 d - 2 potions of might
 i - 3 potions of cancellation {unknown}
 k - 3 potions of resistance {unknown}
 m - 4 potions of curing
 o - a potion of degeneration {unknown}
 q - 2 potions of heal wounds {unknown}
 v - a potion of brilliance {unknown}
 w - a potion of beneficial mutation {unknown}
 z - a potion of lignification {unknown}
 B - a potion of flight {unknown}
 E - 2 potions of agility {unknown}
 H - a potion of invisibility {unknown}
Comestibles
 c - 3 chunks of flesh
 e - 3 bread rations
 p - 2 meat rations
 x - a slice of pizza
 J - 2 fruits


   Skills:
 + Level 8.2 Fighting
 + Level 7.3 Maces & Flails
 + Level 8.6 Armour
 + Level 8.7 Shields


You had 9 spell levels left.
You didn't know any spells.

Dungeon Overview and Level Annotations

Branches:
Dungeon (8/15)             Temple (0/1) D:6
   Lair: D:8-11

Altars:
Kikubaaqudgha
Nemelex Xobeh
Qazlal
Ru
Sif Muna
Trog
Xom
The Shining One

Shops:
D:5 =

Annotations:
D:8 Gastronok


Innate Abilities, Weirdness & Mutations

You are resistant to torment.
Your stone body is resilient (AC +7).
You are immune to poison.
You resist negative energy.
You are resistant to electric shocks.
You can survive without breathing.
You are immune to petrification.
You are immune to rotting.
You are resistant to hostile enchantments.
You are covered in fur (AC +1).


Message History

You continue eating. x2
Gastronok the Ponderous comes into view.
Gastronok gurgles horribly!
Gastronok waves his eye-stalks in wide circles.
The air twists around and strikes you! Gastronok looks at you while chanting.
You resist with almost no effort. You block Gastronok's attack.
You sock Gastronok!
Gastronok is lightly wounded.
You sock Gastronok!
Gastronok is lightly wounded.
Gastronok waves his eye-stalks in wide circles.
The air twists around and strikes you!
* * * LOW HITPOINT WARNING * * *
You hit Gastronok but do no damage.
Gastronok is lightly wounded.
Gastronok waves his eye-stalks in wide circles.
The air twists around and strikes you!
You die...

#..)##.........
#..............
#.####.........
#.# #.........
#.# #.###.###.
#.####.#.# #
#...##..<#
###.######.#
#...@w...#
########.... #


You could see Gastronok.

Vanquished Creatures
  Erolcha (D:8)
  Pikel (D:7)
  Sigmund (D:4)
  Eustachio (D:4)
  A sky beast (D:5)
  A slave (D:7)
  An ogre (D:3)
  An ice beast (D:7)
  2 phantoms (D:4)
  2 centaurs (D:6)
  A giant frog (D:6)
  A big kobold (D:6)
  Blork the orc (D:5)
  A scorpion (D:7)
  A jelly (D:5)
  2 hounds
  2 crimson imps
  3 giant frog zombies (D:4)
  A centaur skeleton (D:4)
  Crazy Yiuf (D:7)
  2 giant frog skeletons (D:5)
  2 orc priests
  A centaur zombie (D:4)
  A gnoll shaman (D:3)
  3 worker ants
  Terence (D:2)
  An orc wizard (D:7)
  2 worker ant zombies
  6 adders
  48 gnolls (D:3)
  A shadow imp (D:7)
  2 oozes (D:2)
  3 adder zombies
  An adder skeleton (D:4)
  4 worms
  7 giant geckos
  12 orcs
  8 bats
  6 hobgoblins
  14 jackals (D:3)
  12 kobolds
  3 quokkas
  2 ball pythons
  A ball python zombie (D:4)
  6 giant cockroaches
  A giant gecko skeleton (D:5)
  A giant gecko zombie (D:4)
  7 giant newts
  18 goblins
  A jackal zombie (D:4)
  12 rats
215 creatures vanquished.

Vanquished Creatures (others)
  An ooze (D:7)
  A kobold (D:3)
2 creatures vanquished.

Grand Total: 217 creatures vanquished

Notes
Turn   | Place    | Note
--------------------------------------------------------------
     0 | D:1      | dobroeutro the Gargoyle Fighter began the quest for the Orb.
     0 | D:1      | Reached XP level 1. HP: 14/14 MP: 1/1
   129 | D:1      | Reached XP level 2. HP: 16/19 MP: 2/2
   738 | D:1      | Reached XP level 3. HP: 22/24 MP: 3/3
   859 | D:2      | Reached skill level 4 in Armour
   922 | D:2      | Noticed Terence
   991 | D:2      | Killed Terence
  1015 | D:2      | Reached XP level 4. HP: 13/29 MP: 4/4
  1539 | D:2      | Found a stormy altar of Qazlal.
  1570 | D:2      | Found a deep blue altar of Sif Muna.
  1837 | D:2      | Reached XP level 5. HP: 33/33 MP: 5/5
  2076 | D:3      | Found a shimmering altar of Xom.
  2096 | D:3      | Found a sparkling altar of Nemelex Xobeh.
  2366 | D:3      | Reached XP level 6. HP: 39/39 MP: 6/6
  2413 | D:3      | Noticed an ogre
  2715 | D:3      | Reached skill level 5 in Armour
  2778 | D:3      | Reached skill level 5 in Shields
  2799 | D:3      | Killed an ogre
  2799 | D:3      | Reached XP level 7. HP: 14/44 MP: 7/7
  3133 | D:3      | Reached skill level 5 in Fighting
  3381 | D:3      | Noticed a crocodile
  3965 | D:4      | Found a glowing golden altar of the Shining One.
  3972 | D:4      | Became a worshipper of the Shining One
  3979 | D:4      | Reached skill level 6 in Armour
  4017 | D:4      | Found a bloodstained altar of Trog.
  4043 | D:4      | Reached XP level 8. HP: 44/50 MP: 8/8
  4125 | D:4      | Noticed Sigmund
  4142 | D:4      | Killed Sigmund
  4142 | D:4      | Reached skill level 5 in Maces & Flails
  4231 | D:4      | Reached * piety under the Shining One
  4259 | D:4      | Noticed Eustachio
  4304 | D:4      | Found an ancient bone altar of Kikubaaqudgha.
  4644 | D:4      | Killed Eustachio
  4676 | D:5      | Entered Level 5 of the Dungeon
  4922 | D:5      | Reached skill level 7 in Armour
  4961 | D:5      | Reached XP level 9. HP: 50/56 MP: 9/9
  4965 | D:5      | Gained mutation: You are covered in fur (AC +1). [mutagenic meat]
  4966 | D:5      | Gained mutation: You are resistant to hostile enchantments. [mutagenic meat]
  4987 | D:5      | Found Omedauci's Jewellery Shoppe.
  5305 | D:5      | Noticed Blork the orc
  5321 | D:5      | Killed Blork the orc
  5662 | D:6      | Reached ** piety under the Shining One
  5698 | D:6      | Found a sacrificial altar of Ru.
  6041 | D:6      | Found a staircase to the Ecumenical Temple.
  6424 | D:5      | Bought an uncursed ring of protection from magic for 325 gold pieces
  6549 | D:7      | Noticed Pikel
  6574 | D:7      | Killed Pikel
  6574 | D:7      | Reached skill level 8 in Armour
  6593 | D:7      | Noticed Crazy Yiuf
  6599 | D:7      | Killed Crazy Yiuf
  6882 | D:8      | Noticed Erolcha
  6901 | D:8      | Killed Erolcha
  6901 | D:8      | Reached XP level 10. HP: 48/64 MP: 10/10
  6916 | D:8      | Noticed Gastronok
  6923 | D:8      | Killed from afar by Gastronok

Action                   |  1- 3 |  4- 6 |  7- 9 | 10-12 || total
-------------------------+-------+-------+-------+-------++-------
Melee: Flail             |   126 |   282 |   565 |     3 ||   976
  Eat: Chunk             |     1 |     2 |    11 |     1 ||    15
       Bread ration      |       |     1 |     1 |       ||     2
